AoeStats
← Khirs

Black Forest

506209299Analyzed
4v4 RM · 19d ago on Sep 12, 2026· 55m 10s· 8 players
Game mode
Random Map
Map size
Large (8 player)
Population
200
Speed
Normal
Resources
Standard
Victory
Conquest
Starting age
Dark Age
Ending age
Imperial Age
RankedLock teamsTeams togetherTeam positionsShared explorationLock speedFull tech treeHidden civsTurbo modeCheats
Victory
Defeat
🇩🇰 Bohemians · Denmark
855
+10
🇩🇰 Persians · Denmark
848
+11
🇬🇧 Teutons · United Kingdom
821
+12
🇩🇰 Britons · Denmark
781
+13
🇪🇸 Teutons · Spain
805
-14
🇬🇧 Saracens · United Kingdom
726
-12
🇬🇧 Slavs · United Kingdom
716
-11
🇵🇱 Persians · Poland
657
-9
Khirs
0:30 Loom
16:00 Feudal Age
16:44 Horse Collar
16:53 Double-Bit Axe
24:11 Castle Age
22:21 Gold Mining
23:37 Stone Mining
24:14 Scale Barding Armor
25:00 Heavy Plow
25:14 Bow Saw
28:13 Stone Shaft Mining
29:35 Fortified Wall
31:52 Ballistics
34:44 Imperial Age
32:14 Fletching
33:28 Chain Barding Armor
34:21 Bodkin Arrow
34:47 Masonry
34:48 Pikeman
35:54 Conscription
36:42 Wheelbarrow
37:15 Plate Barding Armor
37:48 Ironclad
38:38 Hand Cart
39:29 Chemistry
38:49 Scale Mail Armor
38:16 Cavalier
40:26 Crop Rotation
41:07 Two-Man Saw
40:59 Squires
40:49 Elite Teutonic Knight
41:48 Forging
42:39 Paladin
44:32 Onager
45:20 Elite Skirmisher
MagŻydomancji
0:39 Loom
14:37 Feudal Age
15:37 Double-Bit Axe
16:42 Man-at-Arms
23:00 Wheelbarrow
22:12 Town Watch
29:02 Castle Age
27:53 Gold Mining
28:01 Stone Mining
28:26 Horse Collar
29:01 Forging
28:51 Scale Mail Armor
28:56 Scale Barding Armor
28:53 Fletching
30:10 Caravan
30:25 Long Swordsman
30:51 Gambesons
30:27 Pikeman
33:03 Bow Saw
33:01 Elite Skirmisher
35:38 Bodkin Arrow
36:19 Iron Casting
35:59 Chain Mail Armor
35:49 Scale Barding Armor
36:24 Heavy Plow
37:40 Ballistics
39:48 Stone Shaft Mining
39:50 Gold Shaft Mining
39:33 Hand Cart
45:25 Imperial Age
48:42 Town Patrol
48:23 Halberdier
athmaniac
2:22 Loom
13:38 Feudal Age
17:53 Castle Age
18:47 Double-Bit Axe
18:55 Stone Mining
18:51 Horse Collar
19:32 Gold Mining
21:43 Bow Saw
25:36 Heavy Plow
29:01 Caravan
31:23 Murder Holes
31:38 Fortified Wall
31:39 Masonry
34:38 Wheelbarrow
37:12 Imperial Age
37:01 Scale Mail Armor
37:11 Forging
37:07 Scale Barding Armor
37:41 Hand Cart
37:12 Town Watch
37:54 Ballistics
38:37 Conscription
38:17 Druzhina
37:38 Elite Boyar
38:20 Detinets
40:07 Chain Mail Armor
40:28 Iron Casting
40:15 Chain Barding Armor
43:29 Crop Rotation
44:03 Two-Man Saw
43:52 Pikeman
| Hooligan |
10:30 Feudal Age
10:36 Loom
18:48 Castle Age
17:02 Double-Bit Axe
17:10 Horse Collar
25:08 Bow Saw
26:40 Bloodlines
26:30 Husbandry
26:46 Forging
26:54 Gold Mining
26:55 Stone Mining
27:52 Wheelbarrow
33:52 Imperial Age
33:08 Hand Cart
32:56 Heavy Plow
34:46 Town Watch
35:42 Iron Casting
35:14 Scale Barding Armor
35:09 Scale Mail Armor
35:33 Ballistics
36:09 Gold Shaft Mining
36:39 Two-Man Saw
36:50 Town Patrol
37:41 Arrowslits
38:57 Chemistry
38:52 Theocracy
38:33 Block Printing
38:29 Redemption
38:50 Bimaristan
40:48 Blast Furnace
40:09 Chain Barding Armor
40:05 Chain Mail Armor
40:24 Heavy Camel Rider
40:25 Light Cavalry
42:56 Conscription
42:48 Counterweights
42:00 Elite Mameluke
47:51 Plate Barding Armor
47:47 Plate Mail Armor
jacoblehrmann2
13:40 Feudal Age
18:34 Castle Age
19:36 Horse Collar
19:43 Double-Bit Axe
19:53 Stone Mining
24:06 Heavy Plow
24:18 Bow Saw
24:46 Wheelbarrow
27:32 Hand Cart
31:49 Imperial Age
31:15 Gold Mining
32:00 Stone Shaft Mining
32:24 Forging
32:15 Scale Mail Armor
33:19 Elite Teutonic Knight
34:36 Conscription
34:44 Ironclad
34:02 Capped Ram
35:52 Iron Casting
35:33 Chain Mail Armor
42:32 Blast Furnace
42:03 Plate Mail Armor
Findussen
11:46 Feudal Age
15:54 Castle Age
17:24 Wheelbarrow
21:17 Double-Bit Axe
21:31 Horse Collar
23:21 Heavy Plow
24:24 Bow Saw
27:56 Hand Cart
28:52 Caravan
32:16 Imperial Age
32:28 Ballistics
33:09 Chemistry
32:22 Padded Archer Armor
33:34 Siege Engineers
33:24 Loom
33:24 Town Watch
34:42 Two-Man Saw
34:51 Town Patrol
35:22 Houfnice
37:39 Coinage
37:39 Guilds
43:19 Conscription
Jbird
12:17 Feudal Age
16:05 Castle Age
14:37 Horse Collar
17:43 Double-Bit Axe
18:06 Heavy Plow
19:27 Bow Saw
23:01 Wheelbarrow
25:37 Caravan
28:52 Scale Barding Armor
28:58 Forging
28:51 Padded Archer Armor
28:42 Fletching
29:39 Scale Barding Armor
29:45 Forging
30:49 Hand Cart
31:47 Iron Casting
31:13 Stone Mining
31:42 Town Watch
32:53 Chain Barding Armor
33:16 Stone Shaft Mining
32:52 Town Patrol
32:40 Loom
33:55 Ballistics
33:46 Masonry
33:33 Murder Holes
33:36 Gold Mining
36:28 Imperial Age
35:54 Gold Shaft Mining
38:02 Chemistry
37:45 Crop Rotation
38:18 Two-Man Saw
38:01 Plate Barding Armor
38:26 Blast Furnace
36:54 Elite War Elephant
37:56 Conscription
37:39 Kamandaran
40:08 Architecture
40:46 Citadels
53:43 Sappers
Jason Bourne
1:28 Loom
12:48 Feudal Age
18:22 Castle Age
17:21 Double-Bit Axe
26:25 Wheelbarrow
27:49 Bow Saw
29:03 Hand Cart
36:24 Imperial Age
34:14 Padded Archer Armor
35:14 Treadmill Crane
35:57 Ballistics
35:50 Fortified Wall
36:19 Leather Archer Armor
35:55 Fletching
37:23 Stone Mining
37:24 Gold Mining
37:47 Caravan
37:46 Heated Shot
38:57 Chemistry
38:33 Ring Archer Armor
37:59 Bodkin Arrow
38:53 Conscription
39:38 Gold Shaft Mining
38:45 Horse Collar
40:09 Bracer
40:03 Town Watch
40:38 Masonry
40:27 Murder Holes
39:57 Elite Longbowman
44:24 Squires
43:45 Pikeman
44:44 Halberdier
Connection lost

Rejoining the realm…

Still unreachable

The connection could not be restored.

Session expired

The server has moved on; the page needs a fresh start.